Cogmind - Beta 16 --- EXPLORER MODE // 2025.12.16 @ 17:05:03 Player: K.K.Y. Result: Destroyed by Lightning with EMDS Performance ------------- Evolutions (4) 2000 Regions Visited (10) 2000 Robots Destroyed (170) 850 Value Destroyed (6757) 6757 Prototype IDs (29) 580 Alien Tech Used (0) 0 Bonus (2331) 2331 TOTAL SCORE: 14518 Bonus ------- Follower Combat Kills 1272 Network Hubs Disabled 200 Built Enhanced Grunts 300 A7 Reached Mainframe 300 Met R17 at Cetus 500 Friendly Fire -241 Cogmind --------- Core Integrity 0/850 Matter 252/300 Energy 585/600 System Corruption 3% Temperature Cool (7) Movement Walking (192) Ox1 Location -6/Hub_04(d) Parts ------- > --- POWER (2) -------- Quantum Reactor Quantum Reactor > --- PROPULSION (5) --- Improved Titanium Leg Flexi-carbon Leg Armored Leg Enhanced Flexi-carbon Leg Enhanced Flexi-carbon Leg > --- UTILITY (6) ------ Advanced Heat Sink Huge Storage Unit Machine Analyzer Triangulator Centrium Medium Armor Plating Centrium Medium Armor Plating > --- WEAPON (3) ------- Precision Assault Rifle Advanced KE Penetrator > --- INVENTORY (25) --- Quantum Reactor Centrium Heavy Treads Cooled Cesium-ion Thruster Improved Cryofiber Web Advanced Sensor Array Transmission Jammer Hacking Suite Hacking Suite System Shield System Shield Authchip [R/Combat] Authchip [Processor] Authchip [Processor] Authchip [Processor] System Guard Improved System Restoration Module Improved System Restoration Module Improved System Restoration Module Splice Drone Bay (6/6) Cooled Pulse Rifle Wave Gun Coil Gun Remote Datajack Plasma Cutter Peak State ------------ > --- POWER ------------ Quantum Reactor Quantum Reactor > --- PROPULSION ------- Improved Titanium Leg Armored Leg Armored Leg Enhanced Flexi-carbon Leg Enhanced Flexi-carbon Leg > --- UTILITY ---------- Advanced Heat Sink Huge Storage Unit Machine Analyzer Triangulator Centrium Medium Armor Plating Centrium Medium Armor Plating > --- WEAPON ----------- Neutron Cannon Precision Assault Rifle Advanced KE Penetrator > --- INVENTORY -------- Quantum Reactor Centrium Heavy Treads Enhanced Flexi-carbon Leg Cooled Cesium-ion Thruster Improved Cryofiber Web Advanced Heat Sink High-capacity Storage Unit Transmission Jammer Hacking Suite System Shield Authchip [R/Combat] Authchip [Processor] Authchip [Processor] Authchip [Processor] Splice Drone Bay Lightning Gun Gatling Laser Cooled Pulse Rifle Wave Gun Precision Assault Rifle Coil Gun Remote Datajack Plasma Cutter Enhanced Flamer [Rating: 110] Favorites ----------- Power Angular Momentum Engine Engine Angular Momentum Engine Power Core Light Nuclear Core Reactor Quantum Reactor Propulsion Flexi-carbon Leg Treads Light Treads Leg Flexi-carbon Leg Hover Unit Gravmag System Flight Unit Experimental Cesium-ion Thruster Utility Machine Analyzer Device Advanced Heat Sink Storage High-capacity Storage Unit Processor Machine Analyzer Hackware Makeshift System Shield Protection Centrium Medium Armor Plating Weapon Slug Cannon Energy Gun Improved Spread Laser Energy Cannon Cooled Plasma Cannon Ballistic Gun Advanced KE Penetrator Ballistic Cannon Slug Cannon Special Weapon Mining Laser Slashing Weapon Axe Build | -11 -10 -10 -10 -8 -8 -6 -6 -6 -6 -6 ------- Run | Yrd Mat Min Sub Rec Scr Fac Ext Cet Arc Hub Slots Evolved 9 | . 1 . . . . 8 . . . . Power 1 | . . . . . . 1 . . . . Propulsion 3 | . . . . . . 3 . . . . Utility 4 | . 1 . . . . 3 . . . . Weapon 1 | . . . . . . 1 . . . . Parts Attached 133 | 8 10 1 12 4 4 71 . 13 . 10 Power 20 | 1 2 1 1 1 . 11 . 3 . . Engine 13 | 1 2 . . 1 . 9 . . . . Core 4 | . . 1 1 . . 2 . . . . Reactor 3 | . . . . . . . . 3 . . Propulsion 32 | 2 1 . 3 . . 19 . 4 . 3 Treads 6 | 2 1 . 2 . . 1 . . . . Leg 22 | . . . 1 . . 14 . 4 . 3 Wheel . | . . . . . . . . . . . Hover 1 | . . . . . . 1 . . . . Flight 3 | . . . . . . 3 . . . . Utility 37 | 3 4 . 1 3 1 20 . 2 . 3 Device 20 | . 1 . . 2 1 13 . 1 . 2 Storage 5 | 1 2 . 1 . . 1 . . . . Processor 7 | 2 1 . . . . 4 . . . . Hackware 2 | . . . . 1 . 1 . . . . Protection 3 | . . . . . . 1 . 1 . 1 Artifact . | . . . . . . . . . . . Weapon 44 | 2 3 . 7 . 3 21 . 4 . 4 Energy Gun 13 | . . . 1 . 2 9 . 1 . . Energy Cannon 8 | . . . . . . 5 . 2 . 1 Ballistic Gun 13 | 2 1 . 1 . . 5 . 1 . 3 Ballistic Cannon 7 | . 2 . 3 . . 2 . . . . Launcher . | . . . . . . . . . . . Special Weapon 2 | . . . 2 . . . . . . . Impact Weapon . | . . . . . . . . . . . Slashing Weapon 1 | . . . . . 1 . . . . . Piercing Weapon . | . . . . . . . . . . . Special Melee Weapon . | . . . . . . . . . . . Unidentified Prototypes 16 | . . . . 1 . 8 . 5 . 2 Corrupted Parts 4 | . . . . . . 3 . 1 . . System Corruption 8 | . . . . . . 7 . 1 . . Parts Lost 25 | . . . 2 . . 19 . . . 4 Power 4 | . . . . . . 4 . . . . Propulsion 6 | . . . 1 . . 3 . . . 2 Utility 7 | . . . . . . 6 . . . 1 Weapon 8 | . . . 1 . . 6 . . . 1 Highest Loss Streak 3 | . . . 1 . . 3 . . . 2 To Critical Strikes 1 | . . . . . . 1 . . . . Average Backups 16 | 3 7 8 8 14 19 20 21 24 24 23 Power . | . . . . . . 1 1 1 1 1 Propulsion 1 | . . . . . 1 2 1 2 3 2 Utility 9 | 1 4 5 5 9 11 11 13 14 13 13 Weapon 2 | 1 1 1 1 3 4 2 4 5 5 4 Tool/Special . | . . . . . . . . . . . Unused Backups 52 | 1 3 . 5 . 1 12 2 4 1 23 Power 7 | 1 . . . . . 5 . . . 1 Propulsion 3 | . . . . . . 1 . 1 . 1 Utility 30 | . 2 . 5 . 1 5 . 1 . 16 Weapon 10 | . 1 . . . . . 2 2 1 4 Tool/Special 2 | . . . . . . 1 . . . 1 Average Slot Usage (%) 90 | . 94 100 90 79 83 85 100 99 100 97 Engine 6 | . 12 6 . 9 10 9 12 5 . . Core 3 | . . 5 11 . . 1 . . . . Reactor 1 | . . . . . . . . 6 12 12 Treads 6 | . 24 25 17 . . . . . . . Leg 15 | . . . 2 10 10 22 31 31 31 29 Device 10 | . 5 12 11 9 13 11 6 11 12 11 Storage 8 | . 12 12 11 10 10 5 6 6 6 6 Processor 11 | . 15 12 11 10 10 11 18 12 12 6 Hackware 2 | . . . . 9 10 4 . . . . Protection 2 | . . . . . . . 6 6 6 11 Energy Gun 3 | . . . . . . 6 10 6 6 . Energy Cannon 2 | . . . . . . 3 6 6 6 5 Ballistic Gun 5 | . 14 12 7 . . 3 . 5 6 11 Ballistic Cannon 7 | . 8 12 12 20 19 3 . . . . Peak Build Rating 110 | 7 12 14 32 41 46 81 80 104 105 110 Average Rating 52 | 5 10 12 21 39 43 63 78 91 104 106 On Entrance 47 | . 7 12 14 32 41 46 78 78 104 105 Avg Prop Armor Cover (%) 2 | . . . . . . 6 . . 2 2 Naked Turns . | . . . . . . . . . . . Heaviest Build 159 | 12 17 17 21 59 60 133 133 152 152 159 Greatest Support 116 | 40 40 40 55 55 55 96 88 116 116 112 Greatest Overweight (x) 25 | . . . . 1 1 25 1 1 1 2 Average Overweight (x) . | . . . . . . . 1 1 1 1 Largest Inventory Capacity 25 | 8 8 8 20 20 20 25 25 25 25 25 Average Capacity 17 | 6 8 8 8 18 20 21 25 25 25 25 Most Carried 25 | 5 8 8 9 17 20 25 25 25 25 25 Average Carried 16 | 3 7 7 7 14 19 20 21 24 25 24 Final Capacity 25 | 8 8 8 8 20 20 25 25 25 25 25 Final Carried 25 | 4 8 8 8 17 20 19 25 25 25 25 Class Distribution -------------------- 51% | Hacker-Mutant 23% | Hacker-Gunner 8% | Scavenger-Tank 5% | Scavenger-Skirmisher 3% | Hacker-Skirmisher 3% | Scavenger-Mutant Dominant Class ---------------- Hacker-Mutant | -10/Materials Hacker-Mutant | -10/Mines Hacker-Mutant | -10/Subcaves Hacker-Mutant | -8/Recycling Hacker-Mutant | -8/Scraptown Hacker-Gunner | -6/Factory Hacker-Gunner | -6/Extension Hacker-Gunner | -6/Cetus Scavenger-Gunner | -6/Archives Scavenger-Tank | -6/Hub_04(d) Resources | -11 -10 -10 -10 -8 -8 -6 -6 -6 -6 -6 ----------- Run | Yrd Mat Min Sub Rec Scr Fac Ext Cet Arc Hub Matter Collected 5143 | 334 442 108 764 241 103 1676 212 146 36 1081 Remotely . | . . . . . . . . . . . Salvage Created 7834 | 184 551 151 403 119 . 3121 502 236 121 2446 Parts 419 | 20 28 16 20 5 . 169 19 13 2 127 Haulers Intercepted 10 | . 2 . . . . 1 . . . 7 Recyclers Shooed 4 | . 1 . . . . 3 . . . . Parts Field Recycled . | . . . . . . . . . . . Retrieved Matter . | . . . . . . . . . . . Parts Self-Destructed . | . . . . . . . . . . . Prevented . | . . . . . . . . . . . Parts Restored . | . . . . . . . . . . . Kills | -11 -10 -10 -10 -8 -8 -6 -6 -6 -6 -6 ------- Run | Yrd Mat Min Sub Rec Scr Fac Ext Cet Arc Hub Combat Hostiles Destroyed 112 | . 8 . 12 3 . 44 10 4 2 29 Guns 63 | . 6 . 9 . . 21 5 2 1 19 Cannons 42 | . 2 . 3 3 . 18 4 2 1 9 AOE 3 | . . . . . . 2 . . . 1 Classes Destroyed 17 | 3 5 1 2 . . 4 . . . 2 Worker 12 | 1 1 2 . . . 6 . . . 2 Builder 4 | . . 1 . . . 2 . . . 1 Tunneler 10 | 5 . 3 . . . 1 . . . 1 Hauler 10 | . 2 . . . . 1 . . . 7 Recycler 9 | 1 2 1 . . . 5 . . . . Mechanic 1 | . 1 . . . . . . . . . Operator 2 | . . . . . . 1 . . . 1 Watcher 9 | . 2 . . . . 4 . . . 3 Swarmer 11 | . 2 . 2 . . 4 3 . . . Grunt 30 | . 6 . . . . 10 4 1 . 9 Brawler 1 | . . . . . . . . . . 1 Duelist 1 | . . . . . . 1 . . . . Sentry 26 | . . . 1 3 . 9 3 . 2 8 Hunter 12 | . . . . . . 8 . . . 4 Programmer 18 | . . . . . . 12 . . . 6 Behemoth 1 | . . . . . . . . . . 1 Cetus Guard 3 | . . . . . . . . 3 . . Subdweller 9 | . . . 9 . . . . . . . Butcher 1 | . . . . . . . 1 . . . Best Kill Streak 6 | 3 3 2 3 1 . 4 4 3 2 6 Combat Bots Only 4 | . 2 . 3 1 . 3 4 3 2 3 Max Kills in Single Turn 2 | 1 2 1 1 1 . 2 2 2 1 2 Gunslinging 1 | . 1 . . . . . . . . . Exploded 1 | . . . . . . 1 . . . 1 Melee . | . . . . . . . . . . . Uniques/NPCs Destroyed . | . . . . . . . . . . . Combat | -11 -10 -10 -10 -8 -8 -6 -6 -6 -6 -6 -------- Run | Yrd Mat Min Sub Rec Scr Fac Ext Cet Arc Hub Hostile Shots Fired 1043 | . 37 . 98 2 . 502 62 19 17 306 Missed 342 | . 8 . 27 1 . 182 21 5 3 95 Hits 701 | . 29 . 71 1 . 320 41 14 14 211 Melee 1 | . . . . . . 1 . . . . Projectile 700 | . 29 . 71 1 . 319 41 14 14 211 Critical Strikes 13 | . 1 . . . . 4 2 2 . 4 Part Disruptions 1 | . . . . . . . . . . 1 Damage Taken 6975 | . 300 . 883 11 . 2960 208 262 392 1959 Core 991 | . 17 . 110 . . 430 28 . 186 220 Absorbed by Shields 127 | . . . . . . . 41 75 . 11 Ignored by Resistances 4244 | . 191 . 508 6 . 1821 169 196 130 1223 Core Remaining (%) 74 | 100 . . . . 49 . . . . . Volleys Fired 499 | 9 42 8 107 4 . 164 31 14 9 111 Largest 3 | 2 2 2 2 2 . 3 3 3 3 3 Hottest 209 | 40 60 53 125 73 . 209 130 150 205 153 Shots Fired 1113 | 18 84 16 206 9 . 378 81 26 15 280 Gun 663 | 18 60 8 107 . . 202 46 12 11 199 Cannon 425 | . 24 8 78 9 . 176 31 14 4 81 Launcher . | . . . . . . . . . . . Special 25 | . . . 21 . . . 4 . . . Kinetic 700 | 18 84 16 168 9 . 193 . 4 9 199 Thermal 342 | . . . 38 . . 114 81 22 6 81 Explosive . | . . . . . . . . . . . Electromagnetic 71 | . . . . . . 71 . . . . Robot Hit Streak 41 | 14 17 9 38 11 . 24 25 23 7 41 Robot Miss Streak 4 | . 2 2 1 . . 4 2 1 1 2 Penetration Max 1 | . . . . . . 1 . . 1 1 Secondary Targets 1 | . 1 . . . . . . . . . Max Gunslinging Chain 1 | . 1 . . . . . . . . . Shots Hit Robots 740 | 14 64 11 64 7 . 293 41 19 13 214 Core Hits 388 | 8 26 11 22 3 . 159 47 17 5 90 Critical Kills 9 | . 1 . . . . 1 2 1 . 4 Critical Parts Destroyed 10 | . . . . . . 1 . . . 9 Critical Strikes 30 | . 3 . 2 . . 8 2 1 . 14 Burn 5 | . . . 2 . . 3 . . . . Meltdown 2 | . . . . . . . 2 . . . Destroy 18 | . 1 . . . . 2 . 1 . 14 Blast 5 | . 2 . . . . 3 . . . . Melee Attacks . | . . . . . . . . . . . Impact . | . . . . . . . . . . . Slashing . | . . . . . . . . . . . Piercing . | . . . . . . . . . . . Sneak Attacks . | . . . . . . . . . . . Combat Hostiles . | . . . . . . . . . . . Follow-up Attacks . | . . . . . . . . . . . Damage Inflicted 18648 | 176 937 216 1078 208 . 7185 1304 729 407 6408 Guns 9752 | 176 686 149 810 . . 3111 697 343 260 3520 Cannons 8302 | . 251 67 268 208 . 3744 575 386 147 2656 Explosions 552 | . . . . . . 320 . . . 232 Melee . | . . . . . . . . . . . Ramming 10 | . . . . . . 10 . . . . Kinetic 9696 | 176 937 216 857 208 . 3469 . 77 236 3520 Thermal 8060 | . . . 221 . . 2824 1304 652 171 2888 Explosive . | . . . . . . . . . . . Electromagnetic 882 | . . . . . . 882 . . . . Impact . | . . . . . . . . . . . Slashing . | . . . . . . . . . . . Piercing . | . . . . . . . . . . . Highest Corruption 11 | . 1 1 1 1 . 11 . 1 . 2 Average Corruption 2 | . 1 1 1 1 . 5 . 1 . 1 Corruption Purged 19 | . . . . . . 18 . 1 . . Corruption Blocked . | . . . . . . . . . . . Effects 184 | . 8 12 35 8 . 110 . . . 11 Message Errors 33 | . 1 2 9 2 . 18 . . . 1 Matter Fused 51 | . 3 4 8 3 . 30 . . . 3 Heat Flow Errors 25 | . 1 . 7 1 . 14 . . . 2 Energy Discharges 29 | . . 1 5 1 . 21 . . . 1 Parts Rejected 1 | . . . . . . 1 . . . . Data Loss (minor) 20 | . 1 3 2 . . 12 . . . 2 Data Loss (major) 4 | . . . 2 . . 2 . . . . Misfires 9 | . 2 . 1 1 . 4 . . . 1 Alerts 7 | . . 2 . . . 4 . . . 1 Misdirections 2 | . . . . . . 2 . . . . Weapon Failures 3 | . . . 1 . . 2 . . . . Overload Shots . | . . . . . . . . . . . Overflow Damage 112 | . 7 . . . . 63 . . . 42 Projectiles 112 | . 7 . . . . 63 . . . 42 Explosions . | . . . . . . . . . . . Melee . | . . . . . . . . . . . Knockbacks 20 | . 2 . 3 . . 15 . . . . Impact . | . . . . . . . . . . . Kinetic 19 | . 1 . 3 . . 15 . . . . Secondary 1 | . 1 . . . . . . . . . Self-Inflicted Damage 141 | . 54 . . . . 22 . . . 65 Shots 4 | . 2 . . . . 1 . . . 1 Rammed . | . . . . . . . . . . . Targets Rammed 1 | . . . . . . 1 . . . . Kicked 1 | . . . . . . 1 . . . . Crushed . | . . . . . . . . . . . Highest Temperature 722 | . 273 . 212 65 . 346 389 343 502 722 Average Temperature 121 | . 57 . 60 20 . 76 141 111 212 142 Received Heat Transfer 2056 | . 195 . 327 . . 774 110 43 27 580 Effects 51 | . . . . . . 2 2 3 5 39 Shutdowns 16 | . . . . . . . 1 . 2 13 Energy Bleed 4 | . . . . . . 1 1 . . 2 Interference 12 | . . . . . . 1 . 3 . 8 Matter Decay 6 | . . . . . . . . . . 6 Short Circuit 3 | . . . . . . . . . 1 2 Damage (minor) 6 | . . . . . . . . . 1 5 Damage (major) 3 | . . . . . . . . . . 3 Damage (core) 1 | . . . . . . . . . 1 . Siege Activations . | . . . . . . . . . . . Martial Activations . | . . . . . . . . . . . Shielding Activations . | . . . . . . . . . . . Robots Disrupted 2 | . . . . . . 2 . . . . Combat Hostiles 1 | . . . . . . 1 . . . . Robots Corrupted 2 | . . . . . . 2 . . . . Combat Hostiles 2 | . . . . . . 2 . . . . Parts Fried 6 | . . . . . . 6 . . . . Impact Corruptions . | . . . . . . . . . . . Robots Melted 3 | . . . . . . 1 2 . . . Combat Hostiles 2 | . . . . . . 1 1 . . . Parts Melted 15 | . . . 2 . . 5 7 . 1 . Heat Transferred 7629 | . . . 629 . . 4214 1774 875 37 100 Parts Sabotaged . | . . . . . . . . . . . Parts Stolen . | . . . . . . . . . . . Parts Stripped . | . . . . . . . . . . . Power Chain Reactions 3 | . 1 . . . . 1 . . . 1 Alert | -11 -10 -10 -10 -8 -8 -6 -6 -6 -6 -6 ------- Run | Yrd Mat Min Sub Rec Scr Fac Ext Cet Arc Hub Maximum Alert Level 1 | . . . . . . . . . . 1 Low Security (%) 97 | 100 100 100 . 100 . 100 100 100 100 85 Level 1 2 | . . . . . . . . . . 14 Level 2 . | . . . . . . . . . . . Level 3 . | . . . . . . . . . . . Level 4 . | . . . . . . . . . . . Level 5 . | . . . . . . . . . . . High Security . | . . . . . . . . . . . Max Security . | . . . . . . . . . . . Peak Influence 244 | 10 66 10 . 25 . 116 105 117 47 244 Initial 3 | . . . . . . . . 2 3 . Average 22 | 2 5 . . . . 9 19 22 9 91 Influence Increases 4716 | 35 272 35 224 74 . 1595 452 444 105 1480 Destroy 0b10 Robot/C 2700 | . 160 . 160 60 . 920 280 300 80 740 Destroy 0b10 Robot/NC 300 | 35 40 35 . . . 100 . 10 . 80 Destroy Leader 682 | . 48 . . . . 310 50 30 . 244 Allied During Kill 212 | . . . 4 . . . 62 90 16 40 Successful Hack 266 | . . . . 9 . 99 32 7 . 119 Disable Machine 136 | . 4 . . 4 . 72 8 . 8 40 Destroy Structure 240 | . 5 . . 1 . 64 5 7 1 157 Lose Combat Pursuer 180 | . 15 . 60 . . 30 15 . . 60 Influence Decreases 4653 | 35 272 35 224 74 . 1595 445 439 117 1417 Entered New Map 14 | . . . . . . . . 5 9 . Time Decay 4285 | 35 272 35 184 74 . 1533 385 362 68 1337 Lost Part 97 | . . . . . . 57 . . . 40 Lost Ally 257 | . . . 40 . . 5 60 72 40 40 Squads Dispatched 37 | . . . . . . 22 2 1 . 12 Investigation 10 | . . . . . . 5 2 1 . 2 Extermination 14 | . . . . . . 9 . . . 5 Reinforcement 9 | . . . . . . 5 . . . 4 Assault . | . . . . . . . . . . . Garrison 4 | . . . . . . 3 . . . 1 Intercept . | . . . . . . . . . . . Searches Triggered . | . . . . . . . . . . . Construction Impeded 2 | . . . . . . 2 . . . . Haulers Reinforced 4 | . . . . . . 1 . . . 3 Active Scanning Responses . | . . . . . . . . . . . Cargo Convoy Interrupts . | . . . . . . . . . . . Stealth | -11 -10 -10 -10 -8 -8 -6 -6 -6 -6 -6 --------- Run | Yrd Mat Min Sub Rec Scr Fac Ext Cet Arc Hub Distress Signals 10 | . . . . . . 1 . 2 1 6 Communications Jammed . | . . . . . . . . . . . Distress Signals . | . . . . . . . . . . . Times Spotted 198 | . 18 . 21 1 . 64 17 19 6 52 Peak Tracking Total 6 | . 3 . 6 . . 4 5 5 2 5 Tactical Retreats 10 | . 1 . 2 . . 2 1 . . 4 Traps | -11 -10 -10 -10 -8 -8 -6 -6 -6 -6 -6 ------- Run | Yrd Mat Min Sub Rec Scr Fac Ext Cet Arc Hub Traps Triggered 17 | . 5 . 1 . . 9 1 . . 1 Indirectly 2 | . . . . . . 2 . . . . Trap Hack Attempts . | . . . . . . . . . . . Triggered . | . . . . . . . . . . . Disarmed . | . . . . . . . . . . . Reprogrammed . | . . . . . . . . . . . Reused . | . . . . . . . . . . . Traps Extracted . | . . . . . . . . . . . Installed . | . . . . . . . . . . . Triggered . | . . . . . . . . . . . Machines | -11 -10 -10 -10 -8 -8 -6 -6 -6 -6 -6 ---------- Run | Yrd Mat Min Sub Rec Scr Fac Ext Cet Arc Hub Machines Disabled 36 | . 1 . 1 1 . 18 2 1 2 10 Max in Single Turn 3 | . 1 . 1 1 . 3 1 . 1 3 Garrison Access 1 | . . . . . . 1 . . . . Network Hub 1 | . . . . . . . . . . 1 Machines Repaired . | . . . . . . . . . . . Machines Dismantled 2 | . . . . . . . 2 . . . Machines Sabotaged . | . . . . . . . . . . . Overloaded Fab Kills . | . . . . . . . . . . . Hacking | -11 -10 -10 -10 -8 -8 -6 -6 -6 -6 -6 --------- Run | Yrd Mat Min Sub Rec Scr Fac Ext Cet Arc Hub Machines Accessed 55 | . . 1 2 7 . 14 14 3 . 14 Terminals 45 | . . . . 5 . 10 14 3 . 13 Fabricators . | . . . . . . . . . . . Repair Stations . | . . . . . . . . . . . Recycling Units 2 | . . . . 2 . . . . . . Scanalyzers 1 | . . . . . . 1 . . . . Garrison Access 4 | . . . . . . 3 . . . 1 Total Hacks 146 | . . 1 5 23 . 54 27 9 . 27 Successful 101 | . . 1 5 13 . 43 13 8 . 18 Failed 45 | . . . . 10 . 11 14 1 . 9 Catastrophic 3 | . . . . 1 . 1 . . . 1 Database Lockouts . | . . . . . . . . . . . Manual 53 | . . . . 8 . 14 6 1 . 24 Terminals 104 | . . . . 18 . 25 27 9 . 25 Fabricators . | . . . . . . . . . . . Repair Stations . | . . . . . . . . . . . Recycling Units 5 | . . . . 5 . . . . . . Scanalyzers 23 | . . . . . . 23 . . . . Garrison Access 8 | . . . . . . 6 . . . 2 Terminal Hacks 38 | . . 1 5 4 . 8 10 8 . 2 Record 12 | . . . 4 1 . . . 7 . . Part Schematic 11 | . . . . 3 . 6 . . . 2 Robot Schematic 3 | . . . . . . 2 1 . . . Open Door 11 | . . 1 . . . . 9 1 . . Proto ID Catalog 1 | . . . 1 . . . . . . . Fabricator Hacks . | . . . . . . . . . . . Repair Station Hacks . | . . . . . . . . . . . Recycling Unit Hacks 3 | . . . . 3 . . . . . . Retrieve Components 3 | . . . . 3 . . . . . . Scanalyzer 21 | . . . . . . 21 . . . . Insert Component 9 | . . . . . . 9 . . . . Analyze 12 | . . . . . . 12 . . . . Garrison Access Hacks 1 | . . . . . . 1 . . . . Seal Access 1 | . . . . . . 1 . . . . Unauthorized Hacks 38 | . . . . 6 . 13 3 . . 16 Terminals 33 | . . . . 5 . 10 3 . . 15 Assimilate 16 | . . . . . . 6 2 . . 8 Botnet 17 | . . . . 5 . 4 1 . . 7 Fabricators . | . . . . . . . . . . . Repair Stations . | . . . . . . . . . . . Recycling Units 1 | . . . . 1 . . . . . . Reject 1 | . . . . 1 . . . . . . Scanalyzers . | . . . . . . . . . . . Garrison Access 4 | . . . . . . 3 . . . 1 Reprogram 3 | . . . . . . 2 . . . 1 Watchers 1 | . . . . . . 1 . . . . Data Cores Recovered 1 | . . . . . . . . . . 1 Used 1 | . . . . . . . . . . 1 Hacking Detections 41 | . . . . 4 . 13 8 3 . 13 Full Trace Events 8 | . . . . 1 . 2 2 1 . 2 Feedback Events . | . . . . . . . . . . . Feedback Blocked . | . . . . . . . . . . . Robot Schematics Acquired 3 | . . . . . . 2 1 . . . Robots Built . | . . . . . . . . . . . Authchips . | . . . . . . . . . . . Time . | . . . . . . . . . . . Total Robot Build Rating . | . . . . . . . . . . . Part Schematics Acquired 19 | . . . . 3 . 14 . . . 2 Parts Built . | . . . . . . . . . . . Authchips . | . . . . . . . . . . . Time . | . . . . . . . . . . . Total Part Build Rating . | . . . . . . . . . . . Part Studies Acquired . | . . . . . . . . . . . Parts Repaired . | . . . . . . . . . . . Time . | . . . . . . . . . . . Parts Recycled . | . . . . . . . . . . . Recycled Matter . | . . . . . . . . . . . Retrieved Matter . | . . . . . . . . . . . Retrieved Components 2 | . . . . 2 . . . . . . Parts Scanalyzed 8 | . . . . . . 8 . . . . Part Schematics Acquired 8 | . . . . . . 8 . . . . Parts Damaged 2 | . . . . . . 2 . . . . Bothacking | -11 -10 -10 -10 -8 -8 -6 -6 -6 -6 -6 ------------ Run | Yrd Mat Min Sub Rec Scr Fac Ext Cet Arc Hub Used RIF Installer . | . . . . . . . . . . . Robots Hacked . | . . . . . . . . . . . Non-combat . | . . . . . . . . . . . Combat . | . . . . . . . . . . . Robot Hacks Applied . | . . . . . . . . . . . Relay Couplers Released . | . . . . . . . . . . . Fabnet Peak Effective % . | . . . . . . . . . . . Robots Rewired 1 | . . . . . . 1 . . . . Allies Hacked . | . . . . . . . . . . . Hacks Repelled . | . . . . . . . . . . . Allies | -11 -10 -10 -10 -8 -8 -6 -6 -6 -6 -6 -------- Run | Yrd Mat Min Sub Rec Scr Fac Ext Cet Arc Hub Total Allies 27 | . . 3 . . . 4 15 5 . . Largest Group 11 | . . 3 3 . . 1 9 11 6 2 Highest-Rated Group 756 | . . 40 40 . . 41 345 756 427 192 Highest-Rated Ally 159 | . . 16 16 . . 41 159 159 143 96 Total Orders . | . . . . . . . . . . . Ally Attacks 206 | . . . 25 . . 13 25 82 21 40 Total Damage 5584 | . . . 303 . . 538 420 2269 658 1396 Kills 37 | . . . 5 . . 3 5 13 2 9 Allies Corrupted 3 | . . . . . . . 2 . . 1 Allies Melted 1 | . . . . . . . 1 . . . Intel | -11 -10 -10 -10 -8 -8 -6 -6 -6 -6 -6 ------- Run | Yrd Mat Min Sub Rec Scr Fac Ext Cet Arc Hub Active Infowar (turns) 18711 | . 1036 988 3864 1280 1339 5651 1194 915 230 2214 Sensors 1734 | . . . . . . 1734 . . . . Terrain 161 | . . . . . . 161 . . . . Structural 5589 | . 667 988 3864 70 . . . . . . Traps 1 | . . . . . . 1 . . . . Machine Analysis 18711 | . 1036 988 3864 1280 1339 5651 1194 915 230 2214 Triangulation 6424 | . . . . . . 1877 1194 915 230 2208 Robot Analysis Total . | . . . . . . . . . . . Derelict Logs Recovered 1 | . . 1 . . . . . . . . Drone Launches . | . . . . . . . . . . . Drone Recoveries . | . . . . . . . . . . . Exploration | -11 -10 -10 -10 -8 -8 -6 -6 -6 -6 -6 ------------- Run | Yrd Mat Min Sub Rec Scr Fac Ext Cet Arc Hub Turns Passed 19346 | 174 1484 988 3864 1280 1339 5651 1194 915 230 2227 Spaces Moved 9039 | 102 824 587 2278 632 623 2149 494 337 91 922 Core 34 | 33 . . . . . 1 . . . . Treads 2901 | 69 824 587 1421 . . . . . . . Legs 6091 | . . . 857 632 623 2135 494 337 91 922 Wheels . | . . . . . . . . . . . Hover 13 | . . . . . . 13 . . . . Flight . | . . . . . . . . . . . Fastest Speed 50 | 50 160 160 130 130 130 120 190 190 190 190 Average Speed 172 | 124 160 160 148 188 198 177 190 190 190 192 Slowest Speed 1300 | 160 160 160 160 200 200 1300 190 190 190 263 Overloaded Moves . | . . . . . . . . . . . Propulsion Burnouts . | . . . . . . . . . . . Robots Hopped . | . . . . . . . . . . . Potential Cave-ins 15 | . . . 4 . . . 8 . . 3 Cave-ins Triggered . | . . . . . . . . . . . Exploration Rate (%) 72 | 5 96 98 95 90 54 57 63 86 70 83 Regions Visited 10 Branch Regions 8 Pre-discovered Areas . | . . . . . . . . . . . Known Exits Taken 10 | 1 1 1 1 1 1 1 1 1 1 . Unknown Exits Taken . | . . . . . . . . . . . Scrap Searched 16 | . . 1 11 . 4 . . . . . Spaces Dug 28 | . . . 7 . . . 13 . . 8 Terrain Destroyed 320 | . 4 . 11 1 . 41 15 1 1 246 Melee . | . . . . . . . . . . . Projectile 103 | . . . 11 1 . 17 15 1 1 57 AOE 217 | . 4 . . . . 24 . . . 189 Terrain Rammed . | . . . . . . . . . . . Walls Destroyed . | . . . . . . . . . . . Machines Disabled . | . . . . . . . . . . . Actions | -11 -10 -10 -10 -8 -8 -6 -6 -6 -6 -6 --------- Run | Yrd Mat Min Sub Rec Scr Fac Ext Cet Arc Hub Total 11805 | 131 910 620 2514 713 729 3672 650 597 137 1132 Wait 1851 | . 12 23 91 61 88 1183 91 210 36 56 Move 9029 | 101 823 586 2277 631 622 2148 493 336 90 922 Hop . | . . . . . . . . . . . Pick Up 98 | 11 8 1 7 10 6 29 9 5 1 11 Fast Attach 72 | 2 7 . 3 1 4 44 . 6 . 5 Attach 33 | 6 1 1 1 2 2 14 . 1 . 5 Detach 13 | 1 1 . . 1 1 6 . 2 . 1 Swap 49 | . 5 . 14 2 . 18 1 6 . 3 Drop 122 | 1 11 1 14 1 6 54 3 17 1 13 Fire 499 | 9 42 8 107 4 . 164 31 14 9 111 Melee . | . . . . . . . . . . . Ram . | . . . . . . . . . . . Kick 1 | . . . . . . 1 . . . . Crush . | . . . . . . . . . . . Escape Stasis 20 | . . . . . . 10 5 . . 5 Rewire 1 | . . . . . . 1 . . . . Trap . | . . . . . . . . . . . Miscellaneous 17 | . . . . . . . 17 . . . Route ------- -11/Scrapyard -10/Materials (discovered 6 exits: *Mat x3 / *Min x2 / *Sub) -10/Mines (discovered 3 exits: *Mat x2 / *Sub) -10/Subcaves (discovered 3 exits: *Mat x2 / *Rec) -8/Recycling (discovered 2 exits: *Fac / *Scr) -8/Scraptown -6/Factory (discovered 5 exits: *Fac x2 / *Low x2 / *Ext) -6/Extension (discovered 2 exits: *Fac / *Cet) -6/Cetus (discovered 2 exits: *Fac / *Arc) -6/Archives (discovered 2 exits: *Hub x2) -6/Hub_04(d) (discovered 4 exits: *Fac x4) History --------- Turn | Location | Event 9 | -11/Scrapyard | Identified exit to Materials 9 | -11/Scrapyard | Discovered exit to Materials (range 15) 175 | -11/Scrapyard | Entered Materials 175 | -10/Materials | Evolved 1 slot: Utility x1 309 | -10/Materials | Build established: Hacker-Mutant 459 | -10/Materials | Identified exit to Subcaves 459 | -10/Materials | Discovered exit to Subcaves (range 15) 593 | -10/Materials | Identified exit to Mines 593 | -10/Materials | Discovered exit to Mines (range 13) 896 | -10/Materials | Discovered exit to Mines (range 15) 931 | -10/Materials | Identified exit to Materials 931 | -10/Materials | Discovered exit to Materials (range 14) 1340 | -10/Materials | Discovered exit to Materials (range 6) 1428 | -10/Materials | Discovered exit to Materials (range 16) 1659 | -10/Materials | Entered Mines 1768 | -10/Mines | Learned Materials trap positions 1922 | -10/Mines | Found a hidden stash of uninstalled traps 1945 | -10/Mines | Discovered exit to Materials (range 8) 1966 | -10/Mines | Assisted by bots powering up and referring to "LRC-V3" 1977 | -10/Mines | Discovered exit to Materials (range 7) 2161 | -10/Mines | Found the Drone Emporium 2168 | -10/Mines | Found Prototype Device 2620 | -10/Mines | Discovered exit to Subcaves (range 5) 2647 | -10/Mines | Entered Subcaves 2647 | -10/Subcaves | Accompanied by 3 allies 3054 | -10/Subcaves | Identified exit to Recycling 3054 | -10/Subcaves | Discovered exit to Recycling (range 16) 3207 | -10/Subcaves | Shifting Twisted Machinery released Mak. Light Armor Plating 3214 | -10/Subcaves | Shifting Twisted Machinery released Piercing Trap 3433 | -10/Subcaves | Ambushed by Subdweller buried in earth 3756 | -10/Subcaves | Identified exit to Materials 3756 | -10/Subcaves | Discovered exit to Materials (range 14) 3862 | -10/Subcaves | A swath of the cavern ceiling suddenly collapsed 4954 | -10/Subcaves | Shifting Twisted Machinery released Battle Cannon 4954 | -10/Subcaves | Shifting Twisted Machinery released Battle Cannon 5290 | -10/Subcaves | Discovered exit to Materials (range 3) 5291 | -10/Subcaves | Visited Clippyterm 5296 | -10/Subcaves | Learned Research security intel 5358 | -10/Subcaves | Core integrity fell below 50% 5368 | -10/Subcaves | Visited 4L-MR0's lab 5388 | -10/Subcaves | Found Cargo Legs 5390 | -10/Subcaves | Attached Cargo Legs, gained temporary slots: Utility x2 6002 | -10/Subcaves | Shifting Twisted Machinery released Shrapnel Trap 6006 | -10/Subcaves | Shifting Twisted Machinery released Riot Gun 6511 | -10/Subcaves | Entered Recycling 6582 | -8/Recycling | Identified Splice Drone Bay 7208 | -8/Recycling | Identified exit to Factory 7208 | -8/Recycling | Discovered exit to Factory (range 5) 7741 | -8/Recycling | Scanned before Scraplab entrance 7771 | -8/Recycling | Entered Scraplab 7787 | -8/Recycling | Identified exit to Scraptown 7787 | -8/Recycling | Discovered exit to Scraptown (range 3) 7791 | -8/Recycling | Entered Scraptown 7791 | -8/Scraptown | System corruption cleaned by C-Scrubber 8095 | -8/Scraptown | Visited IN-MT5's Study 8129 | -8/Scraptown | Visited CPS Storage 8153 | -8/Scraptown | Visited The Evicted 8179 | -8/Scraptown | Visited Awakened 8249 | -8/Scraptown | Visited Cyclists 8289 | -8/Scraptown | Heard Great Nut preacher, LISTEN AND RECITE! 8297 | -8/Scraptown | Visited Assassins FH 8323 | -8/Scraptown | Visited SPCMW 8463 | -8/Scraptown | Discovered exit to Factory (range 13) 9130 | -8/Scraptown | Entered Factory 9130 | -6/Factory | Evolved 8 slots: Power x1, Propulsion x3, Utility x3, Weapon x1 9498 | -6/Factory | Lost 3 parts (1p2w) 9816 | -6/Factory | System corruption reached 10% 9861 | -6/Factory | Identified exit to Lower Caves 9861 | -6/Factory | Discovered exit to Lower Caves (range 11) 10188 | -6/Factory | Build established: Scavenger-Skirmisher 11744 | -6/Factory | Build established: Hacker-Skirmisher 12051 | -6/Factory | Build established: Hacker-Gunner 12190 | -6/Factory | Discovered exit to Lower Caves (range 4) 12897 | -6/Factory | Found Prototype Processor 12897 | -6/Factory | Identified Exp. Targeting Computer 13076 | -6/Factory | Found Powered Armor 13398 | -6/Factory | Garrison activated, responded to threat 13571 | -6/Factory | Identified exit to Factory 13571 | -6/Factory | Discovered exit to Factory (range 11) 13975 | -6/Factory | Identified exit to Extension 13975 | -6/Factory | Discovered exit to Extension (range 13) 14032 | -6/Factory | Discovered exit to Factory (range 8) 14133 | -6/Factory | Core integrity fell below 50% 14781 | -6/Factory | Entered Extension 14842 | -6/Extension | Rescued a captive Derelict 14844 | -6/Extension | Rescued a captive Derelict 14855 | -6/Extension | Rescued a captive Derelict 14855 | -6/Extension | Rescued a captive Derelict 14903 | -6/Extension | Rescued a captive Derelict 14918 | -6/Extension | Rescued a captive Derelict 14918 | -6/Extension | Rescued a captive Derelict 15031 | -6/Extension | Rescued a captive Derelict 15097 | -6/Extension | Rescued a captive Derelict 15156 | -6/Extension | Rescued a captive Derelict 15329 | -6/Extension | Lost 3 allies 15377 | -6/Extension | Rescued A7 15388 | -6/Extension | Rescued a captive Derelict 15389 | -6/Extension | Rescued a captive Derelict 15653 | -6/Extension | Rescued a captive Derelict 15801 | -6/Extension | Rescued a captive Derelict 15864 | -6/Extension | Discovered exit to Factory (range 10) 15866 | -6/Extension | Identified exit to Cetus 15866 | -6/Extension | Discovered exit to Cetus (range 6) 15975 | -6/Extension | Entered Cetus 15975 | -6/Cetus | Accompanied by 7 allies (A7) 15980 | -6/Cetus | Acquired a Cetus Manufacturing Module code from A7 16000 | -6/Cetus | Spotted Cetus Guard 16000 | -6/Cetus | Spotted Cetus Guard 16003 | -6/Cetus | Spotted Cetus Guard 16003 | -6/Cetus | Spotted Cetus Guard 16010 | -6/Cetus | Allies destroyed Cetus Guard 16017 | -6/Cetus | Allies destroyed Cetus Guard 16022 | -6/Cetus | Allies destroyed Cetus Guard 16028 | -6/Cetus | Allies destroyed Cetus Guard 16192 | -6/Cetus | Started Cetus Manufacturing Module 16217 | -6/Cetus | Manufactured an Enhanced Grunt 16242 | -6/Cetus | Manufactured an Enhanced Grunt 16267 | -6/Cetus | Manufactured an Enhanced Grunt 16292 | -6/Cetus | Manufactured an Enhanced Grunt 16317 | -6/Cetus | Manufactured an Enhanced Grunt 16431 | -6/Cetus | Escorted A7 to Cetus Mainframe 16555 | -6/Cetus | Identified exit to Archives 16555 | -6/Cetus | Discovered exit to Archives (range 15) 16596 | -6/Cetus | Spotted Cetus Guard 16596 | -6/Cetus | Spotted Cetus Guard 16601 | -6/Cetus | Spotted Cetus Guard 16601 | -6/Cetus | Spotted Cetus Guard 16606 | -6/Cetus | Destroyed Cetus Guard 16606 | -6/Cetus | Destroyed Cetus Guard 16613 | -6/Cetus | Destroyed Cetus Guard 16616 | -6/Cetus | Allies destroyed Cetus Guard 16634 | -6/Cetus | Discovered exit to Factory (range 16) 16643 | -6/Cetus | Lost 4 allies 16656 | -6/Cetus | Met Revision 17 16725 | -6/Cetus | Security sweep announced 16890 | -6/Cetus | Entered Archives 16890 | -6/Archives | Accompanied by 6 allies (A7) 16895 | -6/Archives | Received a hacking code to weaken MAIN.C 16961 | -6/Archives | Lost 3 allies 16995 | -6/Archives | Identified exit to Hub_04(d) 16995 | -6/Archives | Discovered exit to Hub_04(d) (range 13) 17029 | -6/Archives | Build established: Scavenger-Gunner 17059 | -6/Archives | Discovered exit to Hub_04(d) (range 14) 17120 | -6/Archives | Entered Hub_04(d) 17120 | -6/Hub_04(d) | Accompanied by 2 allies 17270 | -6/Hub_04(d) | Core integrity fell below 20% 17660 | -6/Hub_04(d) | Discovered exit to Factory (range 6) 17684 | -6/Hub_04(d) | Discovered exit to Factory (range 7) 17745 | -6/Hub_04(d) | Build established: Scavenger-Tank 17781 | -6/Hub_04(d) | Discovered exit to Factory (range 14) 17781 | -6/Hub_04(d) | Spotted B-75 Beast 17793 | -6/Hub_04(d) | Destroyed B-75 Beast 18520 | -6/Hub_04(d) | Garrison activated, responded to threat 18666 | -6/Hub_04(d) | Discovered exit to Factory (range 7) 19314 | -6/Hub_04(d) | Network Hub disabled 19323 | -6/Hub_04(d) | Spotted Lightning 19326 | -6/Hub_04(d) | Spotted Lightning 19331 | -6/Hub_04(d) | Build established: Scavenger-Mutant 19340 | -6/Hub_04(d) | Spotted Lightning 19347 | -6/Hub_04(d) | Destroyed by Lightning with EMDS Last Messages --------------- 19306_ Slug penetrates Wall. 19312_ R-10 Processor exits level. 19314_ Slug penetrates Network Hub. 19314_ ALERT: Network intrusion management efficiency reduced by 20%. Dispatching hub defense squads. All non-combat units evacuate. 19314_ Network Hub explodes. 19323_ Slug penetrates Wall. 19326_ Penetrated by EMDS Slug. 19330_ R-10 Processor exits level. 19338_ EMDS Slug penetrates Wall. 19341_ EMDS Slug penetrates Earth. 19343_ EMDS Slug penetrates Lightning. 19343_ EMDS Slug penetrates Earth. 19345_ System corrupted: Component data lost. 19345_ Penetrated by EMDS Slug. 19345_ EMDS Slug penetrates Wall. 19347_ Penetrated by EMDS Slug. 19347_ U-05 Engineer exits level. 19347_ Penetrated by EMDS Slug. Map ----- +----------------------------------------------------+ | #" """ # #??#####???? | | #" + """" #??????????? | | +##+##+#### """ # """" #??????????? | | #??# # *"""" #########??? | | #??# """ #[ """" ## #??? | | #??# #=[ ## #??? | | #### """ +! "" "" # #??? | | ### # # ""T"" ## #??? | | ??# ##### #=""" # """ ## #??? | | ??# #???# #% ########### #??? | | ###+##### # ""| #????????# #??? | | [ # # =%[! ##????????# #??? | | ! # # " !!= #?????????# #??? | | + + =! [#?????????# #??? | | # ######/##???####### ####??? | | # ####![!!##### ## #??##?? | | + | !!= #? ##? | | # = = < # #? | | ###### ##### ##;;;;;;; #? | | #????## ##???###### ; #? | | ############### #?????????# ; #? | | ########## " ##??####### * ; # | | # " ##??# ; ; #? | | """ """ !# # ##?## ; ; #? | | # "" # #??# ;;;;;;;;;;;;; #? | | """ """ !# T" # #??# ; @ ; # | | # "" + #??# ; ; #?? | | ########## # #?## ; ; # | | #????????###### ## ; ; # | | #?????????# " ih ;;;; ; #? | | ??????????# " hh #? | | ??????????# ; k ; ; #? | | ??????????# ; ;;;; ; ; #? | | ?????????####;;;####; ; ; #? | | ?????????# #*%= = # ; ; #? | | ?????????###[""" !# ; ; ?? | | ???????????# ! # ;;;;;;;;;;;; ?? | | ??????????## """ ## ??? | | ??????????# ## ???? | | ??????????## """ ###############???? | | ???????????# #?????????????????? | | ???????????# ""T"" #?????????????????? | | ???????????# """"" #?????????????????? | | ???????????##########?????????????????? | | ??????????????????????????????????????? | | ??????????????????????????????????????? | | ??????????????????????????????????????? | | | | | | | +----------------------------------------------------+ Best States ------------- Heat Dissipation 70 Energy Generation 45 Energy Capacity 600 Matter Stores 300 Matter Capacity 300 Sight Range 16 Robot Scan Range 16 Terrain Scan Range 20 Terrain Scan Density 10 Armor Coverage 625 Resistance: KI 35 Resistance: TH 35 Resistance: EX 35 Resistance: EM 35 Resistance: I 35 Resistance: S 35 Resistance: P 35 Evasion (%) 55 Targeting Accuracy 8 Core Analysis 9 Recoil Reduction 2 Offensive Hacking 30 Defensive Hacking 11 Authchip Count 4 Item Schematics ----------------- Recalibrator | -8/Recycling | Hacked Jamming Amplifier | -8/Recycling | Hacked Launcher Loader | -8/Recycling | Hacked Force Field | -6/Factory | Hacked Lrn. Terrain Scanner | -6/Factory | Hacked Imp. Plasma Cutter | -6/Factory | Hacked Mak. System Restoration Module | -6/Factory | Scanalyzed System Restoration Module | -6/Factory | Scanalyzed Ovr. Scrapsphere | -6/Factory | Scanalyzed Exp. Cesium-ion Thruster | -6/Factory | Scanalyzed Hacking Suite | -6/Factory | Scanalyzed Plasma Cutter | -6/Factory | Scanalyzed Enh. Flamer | -6/Factory | Scanalyzed Imp. Datajack | -6/Factory | Scanalyzed Shield Leg | -6/Factory | Hacked Stasis Canceller | -6/Factory | Hacked Imp. Focal Shield | -6/Factory | Hacked Biomechanical Wings | -6/Hub_04(d) | Hacked Angular Momentum Engine | -6/Hub_04(d) | Hacked Robot Schematics ------------------ S-27 Virus | -6/Factory | Hacked K-01 Serf | -6/Factory | Hacked G-50 Soldier | -6/Extension | Hacked Fabricated ------------ Nothing Repaired ---------- Nothing Studied --------- None Alien Tech Used ----------------- None Achievements -------------- None Challenges ------------ None Game ------ Seed LayeredProjectionDerivative Manual? 0 Play Time 01:36:19 Cumulative 204.8 hours Start 2025.12.16 @ 15:21:35 End 2025.12.16 @ 17:05:03 Sessions 1 Manual Loads 0 Difficulty Explorer Special Mode None Game No. 310 Rogue 0 Adventurer 0 Explorer 310 Win Type - Total 0 Types 0/0/0/0/0/0/0/0/0/0 Lore% 71 Gallery% 67 Achievement% 53 Wizard Run 0 Options --------- Layout 1 ASCII 0 Keyboard 0 Movement Mouse Keybinds 0 Fullscreen 1 Font 24/Smallcaps Map View 50x35 Zoom Use 0% Tactical HUD 1 Map Filters NONE Filters NONE Steam 1 RUN: 024f6e99-55f1-4937-b1d5-468b84a0d61e